 Dungeon Crawl Stone Soup version 0.22.1-1-ga44c0e5 (webtiles) character file.

126 nightchill the Ruffian (level 4, 0/37 HPs)
             Began as a Draconian Transmuter on Oct 28, 2018.
             Splashed by a jelly's acid (4 damage)
             ... on level 2 of the Dungeon.
             The game lasted 00:07:52 (2762 turns).

nightchill the Ruffian (Draconian Transmuter)       Turns: 2762, Time: 00:07:53

Health: 0/37       AC: -2    Str: 12    XL:     4   Next: 84%
Magic:  6/7        EV: 12    Int: 15    God:
Gold:   137        SH:  0    Dex: 11    Spells: 1/7 levels left

rFire    . . .     SeeInvis .     - Unarmed
rCold    . . .     Gourm    .   (no shield)
rNeg     . . .     Faith    .   (armour unavailable)
rPois    .         Spirit   .   (helmet restricted)
rElec    .         Reflect  .   s - +0 cloak
rCorr    .         Harm     .   (no gloves)
MR       .....                  (no boots)
Stlth    +.........             (no amulet)
HPRegen  0.12/turn              (no ring)
MPRegen  0.10/turn              (no ring)

@: appendage, corroded
A: unfitting armour, horns 2, cold-blooded, AC +5
a: End Transformation


You were on level 2 of the Dungeon.
You were not hungry.
You had grown temporary horns.
You visited 1 branch of the dungeon, and saw 2 of its levels.

You collected 137 gold pieces.

Inventory:

Hand Weapons
 b - a +0 hunting sling
Missiles
 a - 30 arrows
 f - 3 curare-tipped needles
 j - 32 sling bullets
 k - 65 stones (quivered)
Armour
 s - a +0 cloak (worn)
Scrolls
 d - 2 scrolls of remove curse {unknown}
 g - 3 scrolls of teleportation {unknown}
 h - a scroll of blinking {unknown}
 l - a scroll of magic mapping {unknown}
 p - a scroll of enchant armour {unknown}
 r - a scroll of identify {unknown}
Potions
 e - a potion of haste {unknown}
 i - a potion of lignification {unknown}
 m - a potion of brilliance {unknown}
 o - 2 potions of heal wounds {unknown}
 q - a potion of invisibility {unknown}
Comestibles
 c - 5 rations


   Skills:
 + Level 2.6 Fighting
 - Level 1.7 Dodging
 * Level 4.5 Unarmed Combat
 - Level 2.0 Spellcasting
 + Level 3.0 Transmutations


You had one spell level left.
You knew the following spells:

 Your Spells              Type           Power        Failure   Level  Hunger
a - Beastly Appendage     Tmut           ##....       6%          1    #......
b - Sticks to Snakes      Tmut           ##......     10%         2    ###....
c - Spider Form           Tmut/Pois      #.........   34%         3    ###....

Your spell library contained the following spells:

 Spells                   Type           Power        Failure   Level  Hunger
 Ice Form                 Ice/Tmut       #.......     75%         4    #####..
 Blade Hands              Tmut           ##........   87%         5    ######.


Dungeon Overview and Level Annotations

Branches:
Dungeon (2/15)

Altars:
Elyvilon


Innate Abilities, Weirdness & Mutations

Your plain brown scales are hard. (AC +5)
You cannot fit into any form of body armour.
You are cold-blooded and may be slowed by cold attacks.
You have a pair of horns on your head.


Message History

Your talons disappear.
The jelly quivers.
Casting: Beastly Appendage (safe; 6% risk of failure)
Confirm with . or Enter, or press ? or * to list all spells.
You grow a pair of large bovine horns.
You hit the jelly but do no damage. The acid corrodes you!
Your hands burn!
The jelly closely misses you.
You hit the jelly.
Your hands burn!
Your tail-slap misses the jelly.
The jelly is moderately wounded.
The jelly hits you. The acid corrodes you!
You are splashed with acid!
The acid burns!
You hit the jelly.
Your hands burn!
The jelly is heavily wounded.
The jelly closely misses you.
You hit the jelly.
Your hands burn!
The jelly is almost dead.
The jelly hits you.
You are splashed with acid!
The acid burns!
* * * LOW HITPOINT WARNING * * *
You hit the jelly but do no damage.
Your hands burn!
You die...

.# #.#
##.....###.....##.#.#.#
.####.#
#.......######.##)..#.#
...$..# #.......#
#.######.# ....
#.......# #........#
.### #.......#
########## ....
#....#### # #### #
#....'..## # # .#
########.# # # ####..
##.).J@.## # #...
#'#######
###.###.##.P÷.J....
).......##...÷.P...
###.#.#.##J.JPJP... #.#
#.PJJ...P. #.#
#.P.P.PJ.÷ #.#
#.....P..( #.#
##########


You could see a jelly.

Vanquished Creatures
  A jelly (D:2)
  3 adders (D:2)
  4 oozes (D:2)
  A leopard gecko (D:2)
  2 goblins (D:2)
  3 hobgoblins (D:2)
  7 jackals
  8 kobolds
  A ball python (D:1)
  A bat (D:2)
  2 frilled lizards (D:2)
  4 rats
37 creatures vanquished.

Vanquished Creatures (collateral kills)
  Natasha (D:2)
  A worm (D:2)
2 creatures vanquished.

Vanquished Creatures (others)
  8 toadstools (D:2)
8 creatures vanquished.

Grand Total: 47 creatures vanquished

Notes
Turn   | Place    | Note
-------+----------+-------------------------------------------
     0 | D:1      | nightchill the Draconian Transmuter began the quest for the
                  | Orb.
     0 | D:1      | Reached XP level 1. HP: 16/16 MP: 3/3
   534 | D:1      | Reached XP level 2. HP: 16/23 MP: 5/5
   628 | D:1      | Learned a level 2 spell: Sticks to Snakes
  1286 | D:2      | Found a white marble altar of Elyvilon.
  1617 | D:2      | Reached XP level 3. HP: 16/29 MP: 0/6
  1803 | D:2      | Learned a level 3 spell: Spider Form
  2059 | D:2      | Noticed Natasha
  2067 | D:2      | Killed Natasha
  2067 | D:2      | Reached skill level 4 in Unarmed Combat
  2296 | D:2      | Reached XP level 4. HP: 36/36 MP: 0/7
  2762 | D:2      | Splashed by a jelly's acid

Skill      XL: |  1  2  3  4 |
---------------+-------------+-----
Fighting       | 2 |  2.6
Unarmed Combat | 4 |  4.5
Transmutations | 3 |  3.0
Dodging        | |  1.7
Spellcasting   | |  2.0

Action                   |  1- 3 |  4- 6 || total
-------------------------+-------+-------++-------
Melee: Unarmed           |    81 |    48 ||   129
       Kick              |     6 |     3 ||     9
       Tailslap          |     6 |     6 ||    12
       Headbutt          |     2 |     2 ||     4
       Punch             |       |     2 ||     2
Throw: Stone             |       |     1 ||     1
 Cast: Beastly Appendage |     7 |     9 ||    16
       Sticks to Snakes  |     9 |       ||     9
 Stab: Distracted        |     1 |       ||     1
  Eat: Chunk             |     5 |     2 ||     7
Armor: Skin              |    30 |    14 ||    44
Dodge: Dodged            |    58 |    23 ||    81
